 Dungeon Crawl Stone Soup version 0.20-a0-1026-gc3ddcbd (webtiles) character file.

5989 JeffiDaFish the Basher (level 10, -8/67 HPs)
             Began as a Gargoyle Fighter on Apr 20, 2017.
             Was a Follower of Okawaru.
             Killed by the air
             ... invoked by Gastronok
              (17 damage)
             ... on level 9 of the Dungeon.
             The game lasted 00:20:45 (7938 turns).

JeffiDaFish the Basher (Gargoyle Fighter)           Turns: 7938, Time: 00:20:46

Health: -8/67      AC: 27    Str: 25    XL:     10   Next: 85%
Magic:  10/10      EV:  7    Int:  9    God:    Okawaru [*.....]
Gold:   456        SH: 13    Dex: 14    Spells: 9/9 levels left

rFire    . . .     SeeInvis +   r - +6 flail
rCold    . . .     Gourm    +   c - +1 shield
rNeg     + . .     Faith    .   y - +0 plate armour
rPois    ∞         Spirit   .   o - +1 helmet
rElec    +         Reflect  .   (no cloak)
rCorr    .         Harm     .   (no gloves)
MR       +....                  i - +0 pair of boots
Stlth    ..........             a - amulet of the gourmand
Regen    0.0/turn               h - +3 ring of protection
MPRegen  0.2/turn               B - ring of see invisible

@: mighty
A: agile 1, magic resistance 1, negative energy resistance 1, robust 1,
electricity resistance, inhibited regeneration, unbreathing, petrification
resistance, rot immunity, AC +7
a: Heroism, Renounce Religion


You were on level 9 of the Dungeon.
You worshipped Okawaru.
Okawaru was aware of your devotion.
You were completely stuffed.

You visited 1 branch of the dungeon, and saw 9 of its levels.
You also visited: Ossuary.

You collected 456 gold pieces.

Inventory:

Hand Weapons
 r - a +6 flail (weapon)
Armour
 c - a +1 shield (worn)
 i - a +0 pair of boots (worn)
 o - a +1 helmet (worn)
 y - a +0 plate armour (worn)
Jewellery
 a - an amulet of the gourmand (around neck)
 h - a +3 ring of protection (left hand)
 B - a ring of see invisible (right hand)
 D - an uncursed ring of resist corrosion
Scrolls
 b - 4 scrolls of remove curse
 g - 5 scrolls of teleportation
 n - 5 scrolls of magic mapping
 s - 4 scrolls of blinking
 t - 2 scrolls of recharging
 v - 2 scrolls of amnesia
 x - 6 scrolls of identify
 A - a scroll of fear
Potions
 d - 3 potions of brilliance
 e - 2 potions of invisibility
 m - 2 potions of ambrosia
 p - a potion of resistance
 q - a potion of cancellation
 w - a potion of flight
 z - 3 potions of curing
 C - a potion of heal wounds
 E - a potion of might
Books
 F - a book of Air

   Spells                             Type                      Level
   a - Shock                          Conjuration/Air              1
   b - Swiftness                      Charms/Air                   2
   c - Static Discharge               Conjuration/Air              3
   d - Airstrike                      Air                          4
   e - Lightning Bolt                 Conjuration/Air              5
Comestibles
 f - 4 bread rations
 j - 4 meat rations
 k - 4 royal jellies
 u - 9 fruits


   Skills:
 + Level 6.8 Fighting
 + Level 10.7 Maces & Flails
 + Level 7.5 Armour
 + Level 2.7 Dodging
 + Level 2.0 Stealth
 + Level 9.1 Shields


You had 9 spell levels left.
You didn't know any spells.

Dungeon Overview and Level Annotations

Branches:
Dungeon (9/15)             Temple (0/1) D:5
   Lair: D:8-11         Orc: D:9-12

Altars:
Ashenzari
Cheibriados
Dithmenos
Elyvilon
Gozag
Hepliaklqana
Kikubaaqudgha
Makhleb
Nemelex Xobeh
Okawaru
Qazlal
Trog
Uskayaw
Yredelemnul
Zin
The Shining One

Annotations:
D:9 Gastronok


Innate Abilities, Weirdness & Mutations

You are resistant to torment.
Your stone body is resilient. (AC +7)
You are immune to poison.
You resist negative energy. (rN+)
You are resistant to electric shocks. (rElec)
You can survive without breathing.
You are immune to petrification.
You are immune to rotting.
You are agile. (Dex +2)
You are resistant to hostile enchantments. (MR+)
You are robust. (+10% HP)
You do not regenerate when monsters are visible.


Message History

You thump Gastronok!
Gastronok is moderately wounded.
You bludgeon Gastronok!!
Gastronok is heavily wounded.
Gastronok waves his eye-stalks in wide circles.
The air twists around and strikes you!
You sock Gastronok!
Gastronok is heavily wounded.
You thump Gastronok!
Gastronok is heavily wounded.
Gastronok bites you but does no damage.
You sock Gastronok!
Gastronok is severely wounded.
You sock Gastronok!
Gastronok is severely wounded.
You sock Gastronok!
Gastronok is severely wounded.
Gastronok waves his eye-stalks in wide circles.
The air twists around and strikes you!
You die...

#. #. #.#######
######.......##
#..............
#..............
#......w....... ######
.......@................
............####........
.........._...##........
..............##........
..####..................
. #.......⌠.............
.. #(...........#........
...#...........##........
...#####..._...##........


You could see Gastronok.

Vanquished Creatures
  Joseph (D:7)
  The ghost of jetnerd the Cleaver, a novice MiBe of Trog (Ossuary)
  The ghost of regis the Destroyer, a novice HuCj of Vehumet (D:5)
  Menkaure (D:6)
  Duvessa (D:6)
  3 ice beasts
  A black bear (D:6)
  6 orc warriors
  The ghost of badtown the Chucker, an amateur HOHu (D:4)
  A sky beast (D:6)
  5 ogres
  A hornet zombie (Ossuary)
  The ghost of Chaoticas the Firebug, an amateur DrFE (D:3)
  4 centaurs
  A big kobold (D:7)
  3 bullfrogs
  Dowan (D:6)
  6 killer bees (D:7)
  A howler monkey (D:7)
  4 crimson imps
  2 centaur zombies
  2 quasits
  6 orc priests
  A jelly (D:7)
  2 bullfrog skeletons
  2 centaur skeletons
  4 gnoll shamans (D:4)
  4 hounds
  An iguana (D:4)
  8 orc wizards
  Jessica (D:2)
  5 worker ants
  A killer bee zombie (Ossuary)
  4 hound zombies
  20 mummies (Ossuary)
  A howler monkey zombie (Ossuary)
  3 worker ant zombies (Ossuary)
  32 gnolls
  6 adders
  A howler monkey skeleton (D:7)
  2 shadow imps
  3 oozes
  2 adder skeletons
  3 adder zombies (Ossuary)
  2 dart slugs
  3 leopard geckos
  36 orcs
  4 bats
  4 giant cockroaches
  9 goblins
  10 hobgoblins
  26 jackals
  15 kobolds
  6 quokkas
  2 ball pythons
  3 frilled lizards
  A jackal zombie (Ossuary)
  A leopard gecko skeleton (D:8)
  3 leopard gecko zombies (Ossuary)
  A quokka skeleton (D:6)
  3 rats
289 creatures vanquished.

Vanquished Creatures (others)
  A withered plant (Ossuary)
1 creature vanquished.

Grand Total: 290 creatures vanquished

Notes
Turn   | Place    | Note
-------+----------+-------------------------------------------
     0 | D:1      | JeffiDaFish the Gargoyle Fighter began the quest for the Orb.
     0 | D:1      | Reached XP level 1. HP: 14/14 MP: 1/1
    74 | D:1      | Reached XP level 2. HP: 17/19 MP: 2/2
   336 | D:1      | Reached XP level 3. HP: 23/23 MP: 3/3
   736 | D:2      | Noticed Jessica
   773 | D:2      | Killed Jessica
   773 | D:2      | Reached skill level 3 in Maces & Flails
   773 | D:2      | Reached XP level 4. HP: 15/28 MP: 4/4
   949 | D:2      | Found a shadowy altar of Dithmenos.
   986 | D:2      | Found a glowing silver altar of Zin.
  1356 | D:3      | Noticed Chaoticas's ghost (amateur DrFE)
  1364 | D:3      | Killed Chaoticas's ghost
  1364 | D:3      | Reached skill level 4 in Maces & Flails
  1364 | D:3      | Reached skill level 1 in Dodging
  1364 | D:3      | Reached XP level 5. HP: 30/33 MP: 5/5
  1448 | D:3      | Found a burning altar of Makhleb.
  1509 | D:3      | Reached XP level 6. HP: 32/38 MP: 6/6
  1647 | D:3      | Found a bloodstained altar of Trog.
  2132 | D:4      | Found an ancient bone altar of Kikubaaqudgha.
  2147 | D:4      | Found a snail-covered altar of Cheibriados.
  2366 | D:4      | Noticed badtown's ghost (amateur HOHu)
  2407 | D:4      | Reached skill level 5 in Maces & Flails
  2422 | D:4      | Reached XP level 7. HP: 20/43 MP: 7/7
  2794 | D:4      | Reached skill level 5 in Shields
  3088 | D:4      | Reached skill level 6 in Maces & Flails
  3088 | D:4      | Reached skill level 5 in Armour
  3131 | D:4      | Reached XP level 8. HP: 48/48 MP: 8/8
  3193 | D:4      | Killed badtown's ghost
  3224 | D:4      | Found a stormy altar of Qazlal.
  3225 | D:4      | Noticed a water elemental
  3227 | D:4      | Noticed an air elemental
  3605 | D:5      | Entered Level 5 of the Dungeon
  3606 | D:5      | Found a staircase to the Ecumenical Temple.
  3710 | D:5      | Gained mutation: You are resistant to hostile enchantments. (MR+) [potion of mutation]
  3710 | D:5      | Gained mutation: You are agile. (Dex +2) [potion of mutation]
  3710 | D:5      | Gained mutation: You do not regenerate when monsters are visible. [potion of mutation]
  3710 | D:5      | Gained mutation: You are robust. (+10% HP) [potion of mutation]
  3791 | D:5      | Noticed regis's ghost (novice HuCj)
  3809 | D:5      | Killed regis's ghost
  3809 | D:5      | Reached skill level 7 in Maces & Flails
  4183 | D:6      | Reached XP level 9. HP: 33/58 MP: 9/9
  4193 | D:6      | Reached skill level 5 in Fighting
  4406 | D:6      | Reached skill level 8 in Maces & Flails
  4411 | D:6      | Found a sand-covered staircase.
  4420 | Ossuary  | Entered an ossuary
  4543 | Ossuary  | Reached skill level 1 in Stealth
  4663 | Ossuary  | Noticed jetnerd's ghost (novice MiBe)
  4680 | Ossuary  | Killed jetnerd's ghost
  4954 | Ossuary  | Reached skill level 9 in Maces & Flails
  5043 | D:6      | Noticed Duvessa
  5045 | D:6      | Noticed Dowan
  5054 | D:6      | Killed Duvessa
  5056 | D:6      | Killed Dowan
  5530 | D:6      | Found a glowing golden altar of the Shining One.
  5535 | D:6      | Found a basalt altar of Yredelemnul.
  5537 | D:6      | Noticed a profane servitor
  5779 | D:6      | Reached XP level 10. HP: 46/66 MP: 10/10
  5792 | D:6      | Noticed Menkaure
  5803 | D:6      | Killed Menkaure
  5956 | D:6      | Found a shattered altar of Ashenzari.
  6052 | D:6      | Noticed an angel
  6315 | D:7      | Reached skill level 10 in Maces & Flails
  6426 | D:7      | Found an iron altar of Okawaru.
  6470 | D:7      | Became a worshipper of Warmaster Okawaru
  6770 | D:7      | Found a hide-covered altar of Uskayaw.
  6782 | D:7      | Noticed Joseph
  6801 | D:7      | Killed Joseph
  6954 | D:8      | Reached * piety under Okawaru
  7173 | D:8      | Found a sparkling altar of Nemelex Xobeh.
  7397 | D:8      | Found a hazy altar of Hepliaklqana.
  7864 | D:9      | Found an opulent altar of Gozag.
  7912 | D:9      | Found a white marble altar of Elyvilon.
  7920 | D:9      | Noticed Gastronok
  7938 | D:9      | Killed from afar by Gastronok

Vault maps used:
D:1:      shiori_angband_town
D:2:      lemuel_doored_altar, lemuel_round_altar, grunt_ministairs_15,
          uniq_jessica
D:3:      bloody_trog, makhleb_blood_cavern_becter
D:4:      lemuel_castle_with_subvaults, nicolae_qazlal_style_of_elements,
          lemuel_crystal_altar, kiku_gazebo_pond_becter,
          kennysheep_generic_room_6
D:5:      temple_fountains, first_bread
D:6:      grunt_temple_overflow_holy_war, kennysheep_mini_moat,
          nicolae_ossuary_entry_monument, nrook_uturn, uniq_menkaure,
          uniq_duvessa
D:7:      okawaru_altar_gauntlet_db, overflow_temple_1_default, uniq_joseph
D:8:      nemelex_xobeh_ov_fountains_minmay, overflow_temple_1_default
D:9:      grunt_temple_overflow_open, uniq_grum, uniq_gastronok
Ossuary:  ossuary_zaba_flooded

Skill      XL: |  1  2  3  4  5  6  7  8  9 10 |
---------------+-------------------------------+-----
Maces & Flails | 3 4 5 6 7 9 10 | 10.7
Shields        | 4 5 6 7 9 |  9.1
Dodging        | 1 2 |  2.7
Armour         | 4 5 6 7 |  7.5
Fighting       | 4 5 6 |  6.8
Stealth        | 1 2 |  2.0

Action                   |  1- 3 |  4- 6 |  7- 9 | 10-12 || total
-------------------------+-------+-------+-------+-------++-------
Melee: Flail             |   125 |   242 |   145 |   295 ||   807
       Whip              |       |       |   351 |       ||   351
  Use: Scroll            |     4 |     4 |    10 |     3 ||    21
       Potion            |     1 |     5 |     7 |     1 ||    14
  Eat: Chunk             |       |     5 |    23 |     8 ||    36
       Fruit             |       |       |     1 |       ||     1
Armor: Scale mail        |    82 |   121 |    83 |       ||   286
       Plate armour      |       |       |    83 |   155 ||   238
Dodge: Dodged            |    36 |    72 |    72 |    71 ||   251
Block: Shield            |    80 |   144 |   210 |   186 ||   620
